 Dungeon Crawl Stone Soup version 0.19-a0-1127-gac58878 (webtiles) character file.

1025 rlgrobin the Arsonist (level 8, -4/41 HPs)
             Began as a Deep Elf Fire Elementalist on Aug 12, 2016.
             Shot with an arrow by a centaur (11 damage)
             ... on level 5 of the Dungeon.
             The game lasted 00:29:09 (4597 turns).

rlgrobin the Arsonist (Deep Elf Fire Elementalist)  Turns: 4597, Time: 00:29:11

Health: -4/41      AC:  3    Str:  5    XL:     8   Next: 2%
Magic:  22/33      EV: 13    Int: 23    God:
Gold:   254        SH:  0    Dex: 15    Spells: 4 memorised, 7 levels left

rFire  . . .     SeeInvis .     y - staff of power
rCold  . . .     Gourm    .     a - +0 robe
rNeg   . . .     Faith    .     (no shield)
rPois  .         Spirit   .     (no helmet)
rElec  .         Dismiss  .     x - +0 cloak
rCorr  .         Reflect  .     (no gloves)
SustAt +         Harm     .     (no boots)
MR     .....                    (no amulet)
Stlth  ++........               o - ring of wizardry
                                l - ring of sustain attributes

@:
A: no striking features
a: no special abilities


You were on level 5 of the Dungeon.
You were not hungry.

You visited 1 branch of the dungeon, and saw 5 of its levels.

You collected 254 gold pieces.


   Skills:
 - Level 2.4 Dodging
 - Level 2.4 Stealth
 + Level 5.9 Spellcasting
 - Level 5.6 Conjurations
 - Level 8.0 Fire Magic


You had 7 spell levels left.
You knew the following spells:

 Your Spells              Type           Power        Failure   Level  Hunger
c - Fireball              Conj/Fire      #####.....   7%          5    #####..
x - Throw Flame           Conj/Fire      #####.       1%          2    None
z - Flame Tongue          Conj/Fire      #####        1%          1    None
Z - Conjure Flame         Conj/Fire      #####...     1%          3    #......

Inventory:

Hand Weapons
 h - a +3 dagger of freezing
 v - the +6 falchion "Isusisenusi" {venom, Str-5 Int+5 Dex-2}

   It poisons the flesh of those it strikes.
   It affects your strength (-5).
   It affects your intelligence (+5).
   It affects your dexterity (-2).
Armour
 a - a +0 robe (worn)
 x - a +0 cloak (worn)
Magical Staves
 y - an uncursed staff of power (weapon)
Jewellery
 l - a ring of sustain attributes (left hand)
 o - a ring of wizardry (right hand)
Wands
 p - a wand of slowing (21/48)
 A - a wand of digging (20/24)
 C - a wand of polymorph (8/24)
Scrolls
 f - 2 scrolls of magic mapping
 g - 2 scrolls of remove curse
 i - a scroll of amnesia
 m - a scroll of enchant weapon
 u - a scroll of recharging
Potions
 e - 2 potions of agility
 j - a potion of magic {unknown}
 k - a potion of curing {unknown}
 n - 2 potions of heal wounds {unknown}
 q - 2 potions of lignification {!q}
 s - a potion of might {unknown}
 t - a potion of brilliance {unknown}
 z - a potion of invisibility {unknown}
Books
 b - a book of Flames

   Spells                             Type                      Level
   a - Flame Tongue                   Conjuration/Fire             1
   b - Throw Flame                    Conjuration/Fire             2
   c - Conjure Flame                  Conjuration/Fire             3
   d - Inner Flame                    Hexes/Fire                   3
   e - Sticky Flame                   Conjuration/Fire             4
   f - Fireball                       Conjuration/Fire             5
Comestibles
 c - 5 bread rations
 d - a royal jelly
 r - a slice of pizza
 w - 2 beef jerkies

Dungeon Overview and Level Annotations

Branches:
Dungeon (5/15)
 Temple: D:4-7

Altars:
Ashenzari
Okawaru
Pakellas
Qazlal

.▒▒▒▒ ▒.▒ ▒.▒ ▒▒
▒▒▒▒▒.▒ ▒▒▒▒▒.▒▒▒ ▒
▒.....▒ ▒...'.+.. ▒
▒▒....(▒ ▒.▒▒▒.▒▒▒
. ▒▒▒▒▒▒ ▒......▒
▒.▒ ▒.▒ ▒ . ▒.....▒
▒......▒▒▒'▒▒▒.▒▒▒
▒. .......
▒▒......+..........
. .......
▒.......▒▒▒'▒▒▒.▒▒▒
.. .......
▒.e.....▒ ▒.▒ ▒.▒ ▒
.......▒▒▒▒(......▒
▒.▒▒▒.▒▒▒
....M.c(.▒c.......▒
▒...'.'..
......▒▒▒.........▒
▒▒▒▒▒.▒▒▒ .....
▒▒▒.......▒ ▒.▒
▒...
▒▒......▒▒▒▒▒▒▒+▒▒▒
▒▒▒
▒.................
▒▒...............▒
▒▒............▒..


You could see a centaur.


Message History

Menkaure is burned terribly!
You destroy Menkaure!
Your Spellcasting skill increases to level 5!
You have reached level 8!
You feel clever.
The centaur shoots an arrow.
The arrow closely misses you.
Cast which spell? (? or * to list)
Aiming: Flame Tongue
Press: ? - help, Shift-Dir - straight line, f/p - centaur
Aim: a centaur, wielding a shortbow (severely wounded)
The flame tongue hits the centaur.
The centaur appears unharmed.
The centaur is severely wounded.
The centaur shoots an arrow.
The arrow hits you.
* * * LOW HITPOINT WARNING * * *
Unknown command.
Cast which spell? (? or * to list)
Aiming: Flame Tongue
Press: ? - help, Shift-Dir - straight line, f/p - centaur
Aim: a centaur, wielding a shortbow (severely wounded)
The flame tongue hits the centaur.
The centaur is almost dead.
The centaur shoots an arrow.
The arrow hits you.
* * * LOW HITPOINT WARNING * * *
The centaur shoots an arrow.
The arrow hits you!
You die...

Action                   |  1- 3 |  4- 6 |  7- 9 || total
-------------------------+-------+-------+-------++-------
Melee: Dagger            |    16 |    55 |    40 ||   111
 Cast: Flame Tongue      |    68 |    87 |    44 ||   199
       Throw Flame       |     2 |    29 |     7 ||    38
       Conjure Flame     |       |     1 |       ||     1
       Fireball          |       |       |     1 ||     1
  Use: Scroll            |     1 |    14 |       ||    15
 Stab: Sleeping          |     1 |     3 |       ||     4
  Eat: Chunk             |     1 |     8 |     2 ||    11
       Fruit             |       |       |     2 ||     2
Armor: Robe              |    10 |    10 |     6 ||    26
Dodge: Dodged            |    35 |    47 |    32 ||   114

Vault maps used:
D:1:      saegor_arrival_under_anarchy
D:2:      lemuel_crystal_altar, gammafunk_pakellas_its_alive
D:3:      nicolae_overflow_crystal_walls, okawaru_gym_becter,
          nicolae_qazlal_general_emergency
D:4:      wad_crossroads, first_bread, uniq_edmund
D:5:      minmay_door_square, grunt_ministairs_2, uniq_menkaure

Notes
Turn   | Place    | Note
-------+----------+-------------------------------------------
     0 | D:1      | rlgrobin the Deep Elf Fire Elementalist began the quest for the Orb.
     0 | D:1      | Reached XP level 1. HP: 10/10 MP: 6/6
   131 | D:1      | Reached XP level 2. HP: 15/15 MP: 0/8
   207 | D:1      | Reached skill level 4 in Fire Magic
   441 | D:1      | Learned a level 2 spell: Throw Flame
   580 | D:1      | Reached XP level 3. HP: 16/19 MP: 3/9
   924 | D:2      | Reached skill level 5 in Fire Magic
  1135 | D:2      | Reached skill level 2 in Conjurations
  1234 | D:2      | Learned a level 3 spell: Conjure Flame
  1234 | D:2      | Found a shattered altar of Ashenzari.
  1303 | D:2      | Reached XP level 4. HP: 24/24 MP: 6/10
  1317 | D:2      | Found an oddly glowing altar of Pakellas.
  1317 | D:2      | Noticed a yak
  1325 | D:2      | Killed a yak
  1326 | D:2      | Noticed a tentacled monstrosity
  1725 | D:3      | Found an iron altar of Okawaru.
  1825 | D:3      | Found a stormy altar of Qazlal.
  1846 | D:3      | Reached skill level 3 in Conjurations
  2048 | D:3      | Reached XP level 5. HP: 17/28 MP: 3/11
  2051 | D:3      | Reached skill level 4 in Conjurations
  2294 | D:3      | Found a stormy altar of Qazlal.
  2386 | D:4      | Noticed Edmund
  2578 | D:4      | Killed Edmund
  2578 | D:4      | Reached skill level 5 in Conjurations
  2578 | D:4      | Reached XP level 6. HP: 32/32 MP: 3/12
  2913 | D:4      | Learned a level 5 spell: Fireball
  3083 | D:4      | Reached skill level 6 in Fire Magic
  3417 | D:4      | Reached XP level 7. HP: 36/36 MP: 3/13
  3533 | D:5      | Entered Level 5 of the Dungeon
  3649 | D:5      | Got a jewelled falchion
  3666 | D:5      | Reached skill level 7 in Fire Magic
  3750 | D:5      | Lost strength.
  3750 | D:5      | Identified the +6 falchion "Isusisenusi" {venom, Str-5 Int+5 Dex-2} (You found it on level 5 of the Dungeon)
  3803 | D:5      | Reached skill level 8 in Fire Magic
  4278 | D:5      | Reached skill level 4 in Spellcasting
  4583 | D:5      | Noticed Menkaure
  4595 | D:5      | Killed Menkaure
  4595 | D:5      | Reached skill level 5 in Spellcasting
  4595 | D:5      | Reached XP level 8. HP: 14/41 MP: 18/18
  4597 | D:5      | Shot with an arrow by a centaur

Vanquished Creatures
  Menkaure (D:5)
  A water moccasin (D:5)
  Edmund (D:4)
  2 phantoms
  An ogre (D:5)
  A scorpion (D:5)
  A giant frog skeleton (D:5)
  A centaur skeleton (D:5)
  2 orc wizards
  An iguana (D:4)
  A worker ant (D:4)
  A hound skeleton (D:4)
  A worker ant zombie (D:3)
  10 adders
  An ooze (D:1)
  4 worms
  A dart slug (D:3)
  5 giant geckos
  9 orcs
  8 bats
  4 giant cockroaches
  8 goblins
  8 hobgoblins
  6 jackals (D:2)
  2 quokkas
  9 giant newts
  9 kobolds
  A quokka skeleton (D:4)
  6 rats
106 creatures vanquished.

Vanquished Creatures (others)
  A yak (D:2)
1 creature vanquished.

Grand Total: 107 creatures vanquished
